Cogmind - Beta 16 @@@ ROGUE MODE // 2026.02.04 @ 16:34:04 Player: Auron Result: Destroyed by G-34 Mercenary with Small Laser Performance ------------- Evolutions (1) 500 Regions Visited (2) 400 Robots Destroyed (18) 90 Value Destroyed (483) 483 Prototype IDs (0) 0 Alien Tech Used (0) 0 Bonus (0) 0 TOTAL SCORE: 1473 Bonus ------- None Cogmind --------- Core Integrity 0/400 Matter 278/300 Energy 98/100 System Corruption 0% Temperature Cool (7) Movement Walking (330) Ox3 Location -9/Materials Parts ------- > --- POWER (1) -------- (None) > --- PROPULSION (2) --- Aluminum Leg > --- UTILITY (3) ------ High-capacity Storage Unit Hacking Suite Hacking Suite > --- WEAPON (3) ------- (None) > --- INVENTORY (20) --- Ion Engine Heavy Ion Engine Aluminum Leg Improved Heat Sink Large Battery (200) Large Battery (200) Structural Scanner Visual Processing Unit Peak State ------------ > --- POWER ------------ Light Ion Engine > --- PROPULSION ------- Aluminum Leg Aluminum Leg > --- UTILITY ---------- Improved Heat Sink High-capacity Storage Unit Hacking Suite > --- WEAPON ----------- Assault Rifle Assault Rifle Assault Rifle > --- INVENTORY -------- Ion Engine Aluminum Leg Aluminum Leg Aluminum Leg Aluminum Leg Large Battery Large Battery Structural Scanner Visual Processing Unit Assault Rifle [Rating: 14] Favorites ----------- Power Light Ion Engine Engine Light Ion Engine Propulsion Aluminum Leg Leg Aluminum Leg Utility High-capacity Storage Unit Device Tractor Beam Storage High-capacity Storage Unit Processor Visual Processing Unit Hackware Hacking Suite Weapon Assault Rifle Ballistic Gun Assault Rifle Special Melee Weapon Datajack Build | -11 -10 -9 ------- Run | Yrd Mat Mat Slots Evolved 2 | . . 2 Power . | . . . Propulsion . | . . . Utility 1 | . . 1 Weapon 1 | . . 1 Parts Attached 22 | 6 4 12 Power 4 | 1 2 1 Engine 4 | 1 2 1 Core . | . . . Reactor . | . . . Propulsion 6 | 2 . 4 Treads . | . . . Leg 6 | 2 . 4 Wheel . | . . . Hover . | . . . Flight . | . . . Utility 7 | 1 2 4 Device 2 | . 1 1 Storage 2 | 1 1 . Processor 1 | . . 1 Hackware 2 | . . 2 Protection . | . . . Artifact . | . . . Weapon 5 | 2 . 3 Energy Gun . | . . . Energy Cannon . | . . . Ballistic Gun 4 | 2 . 2 Ballistic Cannon . | . . . Launcher . | . . . Special Weapon . | . . . Impact Weapon . | . . . Slashing Weapon . | . . . Piercing Weapon . | . . . Special Melee Weapon 1 | . . 1 Unidentified Prototypes . | . . . Parts Lost 12 | . 1 11 Power 3 | . 1 2 Propulsion 5 | . . 5 Utility . | . . . Weapon 4 | . . 4 Highest Loss Streak 5 | . 1 5 To Critical Strikes . | . . . Average Backups 8 | . 7 10 Power 1 | . . 1 Propulsion 2 | . 1 3 Utility 4 | . 3 4 Weapon . | . 1 . Tool/Special . | . . . Unused Backups 6 | . . 6 Power 1 | . . 1 Propulsion 1 | . . 1 Utility 4 | . . 4 Weapon . | . . . Tool/Special . | . . . Average Slot Usage (%) 93 | . 98 90 Engine 11 | . 12 9 Leg 24 | . 28 21 Device 5 | . 13 . Storage 12 | . 14 11 Processor 5 | . . 9 Hackware 7 | . . 12 Ballistic Gun 26 | . 28 25 Peak Build Rating 14 | 6 8 14 Average Rating 10 | 4 7 12 On Entrance 4 | . 6 8 Avg Prop Armor Cover (%) . | . . . Naked Turns . | . . . Heaviest Build 53 | 14 50 53 Greatest Support 20 | 20 20 20 Greatest Overweight (x) 4 | . 2 4 Average Overweight (x) 1 | . 1 1 Largest Inventory Capacity 20 | 8 20 20 Average Capacity 18 | 7 18 20 Most Carried 14 | 5 14 13 Average Carried 8 | . 7 10 Final Capacity 20 | 8 20 20 Final Carried 13 | . 13 8 Class Distribution -------------------- 49% | Mutant 40% | Skirmisher 7% | Scavenger-Mutant Dominant Class ---------------- Mutant | -10/Materials Skirmisher | -9/Materials Resources | -11 -10 -9 ----------- Run | Yrd Mat Mat Matter Collected 847 | 211 301 335 Remotely 301 | . 301 . Salvage Created 677 | . 416 261 Parts 47 | . 28 19 Haulers Intercepted . | . . . Recyclers Shooed 2 | . 2 . Parts Field Recycled . | . . . Retrieved Matter . | . . . Parts Self-Destructed . | . . . Prevented . | . . . Parts Restored . | . . . Kills | -11 -10 -9 ------- Run | Yrd Mat Mat Combat Hostiles Destroyed 11 | . 5 6 Guns 11 | . 5 6 Classes Destroyed 6 | . 5 1 Worker 2 | . 2 . Recycler 2 | . 2 . Operator 1 | . 1 . Watcher 2 | . 1 1 Grunt 10 | . 5 5 Sentry 1 | . . 1 Best Kill Streak 7 | . 7 2 Combat Bots Only 3 | . 3 2 Max Kills in Single Turn 1 | . 1 1 Gunslinging . | . . . Exploded . | . . . Melee . | . . . Uniques/NPCs Destroyed . | . . . Combat | -11 -10 -9 -------- Run | Yrd Mat Mat Hostile Shots Fired 189 | . 38 151 Missed 54 | . 11 43 Hits 135 | . 27 108 Projectile 135 | . 27 108 Critical Strikes 1 | . . 1 Damage Taken 1713 | . 314 1399 Core 464 | . 61 403 Absorbed by Shields . | . . . Core Remaining (%) 87 | 100 75 . Volleys Fired 74 | . 39 35 Largest 3 | . 2 3 Hottest 60 | . 40 60 Shots Fired 169 | . 78 91 Gun 169 | . 78 91 Cannon . | . . . Launcher . | . . . Special . | . . . Kinetic 169 | . 78 91 Thermal . | . . . Explosive . | . . . Electromagnetic . | . . . Robot Hit Streak 14 | . 14 9 Robot Miss Streak 5 | . 5 4 Penetration Max . | . . . Secondary Targets 1 | . . 1 Max Gunslinging Chain 1 | . . 1 Shots Hit Robots 98 | . 48 50 Core Hits 36 | . 18 18 Critical Kills . | . . . Critical Parts Destroyed 1 | . . 1 Critical Strikes 1 | . . 1 Destroy 1 | . . 1 Melee Attacks 3 | . . 3 Impact . | . . . Slashing . | . . . Piercing . | . . . Sneak Attacks . | . . . Combat Hostiles . | . . . Follow-up Attacks . | . . . Damage Inflicted 1275 | . 630 645 Guns 1252 | . 617 635 Cannons . | . . . Explosions . | . . . Melee . | . . . Ramming 23 | . 13 10 Kinetic 1252 | . 617 635 Thermal . | . . . Explosive . | . . . Electromagnetic . | . . . Impact . | . . . Slashing . | . . . Piercing . | . . . Highest Corruption . | . . . Average Corruption . | . . . Corruption Purged . | . . . Corruption Blocked . | . . . Overload Shots . | . . . Overflow Damage . | . . . Projectiles . | . . . Explosions . | . . . Melee . | . . . Knockbacks . | . . . Impact . | . . . Kinetic . | . . . Secondary . | . . . Self-Inflicted Damage . | . . . Shots . | . . . Rammed . | . . . Targets Rammed 4 | . 1 3 Kicked 4 | . 1 3 Crushed . | . . . Highest Temperature 22 | . 2 22 Average Temperature 5 | . 2 6 Received Heat Transfer 768 | . 180 588 Siege Activations . | . . . Martial Activations . | . . . Shielding Activations . | . . . Robots Disrupted . | . . . Combat Hostiles . | . . . Robots Corrupted . | . . . Combat Hostiles . | . . . Parts Fried . | . . . Impact Corruptions . | . . . Robots Melted . | . . . Combat Hostiles . | . . . Parts Melted . | . . . Heat Transferred . | . . . Parts Sabotaged . | . . . Parts Stolen . | . . . Parts Stripped . | . . . Power Chain Reactions . | . . . Alert | -11 -10 -9 ------- Run | Yrd Mat Mat Maximum Alert Level . | . . . Low Security (%) 100 | 100 100 100 Level 1 . | . . . Level 2 . | . . . Level 3 . | . . . Level 4 . | . . . Level 5 . | . . . High Security . | . . . Max Security . | . . . Peak Influence 77 | . 77 57 Initial 7 | . . 7 Average 16 | . 26 11 Influence Increases 339 | . 167 172 Destroy 0b10 Robot/C 220 | . 100 120 Destroy 0b10 Robot/NC 35 | . 30 5 Destroy Leader 54 | . 22 32 Disable Machine 15 | . 15 . Lose Combat Pursuer 15 | . . 15 Influence Decreases 339 | . 148 191 Entered New Map 12 | . . 12 Time Decay 267 | . 138 129 Lost Part 60 | . 10 50 Squads Dispatched 3 | . 1 2 Investigation . | . . . Extermination . | . . . Reinforcement 3 | . 1 2 Assault . | . . . Garrison . | . . . Intercept . | . . . Searches Triggered . | . . . Construction Impeded . | . . . Haulers Reinforced . | . . . Active Scanning Responses . | . . . Cargo Convoy Interrupts . | . . . Stealth | -11 -10 -9 --------- Run | Yrd Mat Mat Distress Signals 3 | . 1 2 Communications Jammed . | . . . Distress Signals . | . . . Times Spotted 28 | . 7 21 Peak Tracking Total 6 | . 3 6 Tactical Retreats 1 | . . 1 Traps | -11 -10 -9 ------- Run | Yrd Mat Mat Traps Triggered . | . . . Indirectly . | . . . Trap Hack Attempts . | . . . Triggered . | . . . Disarmed . | . . . Reprogrammed . | . . . Reused . | . . . Traps Extracted . | . . . Installed . | . . . Triggered . | . . . Machines | -11 -10 -9 ---------- Run | Yrd Mat Mat Machines Disabled 1 | . 1 . Max in Single Turn 1 | . 1 . Machines Repaired . | . . . Machines Dismantled . | . . . Machines Sabotaged . | . . . Overloaded Fab Kills . | . . . Hacking | -11 -10 -9 --------- Run | Yrd Mat Mat Machines Accessed 2 | . 1 1 Terminals . | . . . Fabricators . | . . . Repair Stations . | . . . Recycling Units 1 | . 1 . Scanalyzers 1 | . . 1 Garrison Access . | . . . Total Hacks 3 | . 1 2 Successful 2 | . 1 1 Failed . | . . . Catastrophic . | . . . Database Lockouts 1 | . . 1 Manual . | . . . Terminals . | . . . Fabricators . | . . . Repair Stations . | . . . Recycling Units 1 | . 1 . Scanalyzers 2 | . . 2 Garrison Access . | . . . Terminal Hacks . | . . . Fabricator Hacks . | . . . Repair Station Hacks . | . . . Recycling Unit Hacks 1 | . 1 . Report Inventory 1 | . 1 . Scanalyzer 1 | . . 1 Retrieve Study 1 | . . 1 Garrison Access Hacks . | . . . Unauthorized Hacks . | . . . Terminals . | . . . Fabricators . | . . . Repair Stations . | . . . Recycling Units . | . . . Scanalyzers . | . . . Garrison Access . | . . . Data Cores Recovered . | . . . Used . | . . . Hacking Detections 1 | . . 1 Full Trace Events . | . . . Feedback Events . | . . . Feedback Blocked . | . . . Robot Schematics Acquired . | . . . Robots Built . | . . . Authchips . | . . . Time . | . . . Total Robot Build Rating . | . . . Part Schematics Acquired . | . . . Parts Built . | . . . Authchips . | . . . Time . | . . . Total Part Build Rating . | . . . Part Studies Acquired 1 | . . 1 Parts Repaired . | . . . Time . | . . . Parts Recycled . | . . . Recycled Matter . | . . . Retrieved Matter . | . . . Retrieved Components . | . . . Parts Scanalyzed . | . . . Part Schematics Acquired . | . . . Parts Damaged . | . . . Bothacking | -11 -10 -9 ------------ Run | Yrd Mat Mat Used RIF Installer . | . . . Robots Hacked 1 | . . 1 Non-combat . | . . . Combat 1 | . . 1 Robot Hacks Applied 1 | . . 1 parse_system 1 | . . 1 Relay Couplers Released . | . . . Fabnet Peak Effective % . | . . . Robots Rewired . | . . . Allies Hacked . | . . . Hacks Repelled . | . . . Allies | -11 -10 -9 -------- Run | Yrd Mat Mat Total Allies . | . . . Largest Group . | . . . Highest-Rated Group . | . . . Highest-Rated Ally . | . . . Total Orders . | . . . Ally Attacks . | . . . Total Damage . | . . . Kills . | . . . Allies Corrupted . | . . . Allies Melted . | . . . Intel | -11 -10 -9 ------- Run | Yrd Mat Mat Active Infowar (turns) 586 | . . 586 Optics 586 | . . 586 Robot Analysis Total . | . . . Derelict Logs Recovered . | . . . Drone Launches . | . . . Drone Recoveries . | . . . Exploration | -11 -10 -9 ------------- Run | Yrd Mat Mat Turns Passed 1269 | 72 507 690 Spaces Moved 442 | 58 169 215 Core 13 | 13 . . Treads . | . . . Legs 429 | 45 169 215 Wheels . | . . . Hover . | . . . Flight . | . . . Fastest Speed 50 | 50 120 190 Average Speed 220 | 104 216 255 Slowest Speed 400 | 120 260 400 Overloaded Moves . | . . . Propulsion Burnouts . | . . . Robots Hopped . | . . . Potential Cave-ins . | . . . Cave-ins Triggered . | . . . Exploration Rate (%) 16 | 4 27 19 Regions Visited 2 Branch Regions . Pre-discovered Areas . | . . . Known Exits Taken . | . . . Unknown Exits Taken 2 | 1 1 . Scrap Searched . | . . . Spaces Dug . | . . . Terrain Destroyed . | . . . Melee . | . . . Projectile . | . . . AOE . | . . . Terrain Rammed . | . . . Walls Destroyed . | . . . Machines Disabled . | . . . Actions | -11 -10 -9 --------- Run | Yrd Mat Mat Total 580 | 69 231 280 Wait 3 | . 2 1 Move 440 | 57 168 215 Hop . | . . . Pick Up 28 | 6 16 6 Fast Attach . | . . . Attach 21 | 6 3 12 Detach 2 | . . 2 Swap 2 | . 1 1 Drop 3 | . 1 2 Fire 74 | . 39 35 Melee 3 | . . 3 Ram . | . . . Kick 4 | . 1 3 Crush . | . . . Escape Stasis . | . . . Rewire . | . . . Trap . | . . . Miscellaneous . | . . . Route ------- -11/Scrapyard -10/Materials -9/Materials (discovered 1 exit: [*Min]) History --------- Turn | Location | Event 4 | -11/Scrapyard | Discovered new exit (range 15) 73 | -11/Scrapyard | Entered Materials 312 | -10/Materials | Build established: Mutant 556 | -10/Materials | Discovered new exit (range 9) 580 | -10/Materials | Entered another Materials area 580 | -9/Materials | Evolved 2 slots: Utility x1, Weapon x1 863 | -9/Materials | Build established: Skirmisher 1172 | -9/Materials | Lost 5 parts (1p2n2w) 1205 | -9/Materials | Central database locked down 1215 | -9/Materials | Core integrity fell below 50% 1244 | -9/Materials | Discovered new exit (range 15) 1247 | -9/Materials | Lost 3 parts (2n1w) 1264 | -9/Materials | Core integrity fell below 20% 1270 | -9/Materials | Destroyed by G-34 Mercenary with Small Laser Last Messages --------------- 01184_ No effect. 01188_ Datajack destroyed. 01205_ Connecting with Scanalyzer... 01205_ Current location identified: Materials [Achievement: Item+] >>Study(Ion Engine) Identified Ion Engine... Downloading performance data... Effective improvements: +2 supply 01205_ ALERT: Central database lockdown, local access denied. 01206_ Aluminum Leg destroyed. 01244_ EXIT=FOUND 01262_ Kicked G-34 Mercenary out of the way. 01263_ Lgt. Ion Engine destroyed. 01265_ Kicked G-34 Mercenary. 01266_ Aluminum Leg destroyed. 01267_ Kicked M-13 Machinist out of the way. 01267_ W-16 Scout sends out distress signal. Map ----- +----------------------------------------------------+ | ?????????????????????????????????????????????????? | | ?????????????????????????????????????????????????? | | ?????????????????????????????????????????????????? | | ?????????????????????????????????????????????????? | | ?????????????????????????????????? ?????????????? | | ?????????????????????????????????? ?????????????? | | ?????????????????????????????????? ?????????????? | | ?????????????????????????????????? ?????????????? | | ?????????????????????????????????? #?????????????? | | ?????????????????????????????????? #########?????? | | ?????????????????????????????????? # ####### | | ?????????????????????????????????? # + | | ?????????????????????????????????# # """ # | | ???????????????????????????????### # """ # | | ???????????????????????????????# # !""" # ### | | ??????????????????????????####?# + [ # #?? | | ??????????????????????????+ #?# #! =*[ # #?? | | ??????????????????????????# #?# # "" # #?? | | ??????????????????????????# ###% # T" # ### | | ??????????????????????????# *= # "" # | | ??????????????????????????# =! + # ##+ | | ??????????????????????????+ ######### # | | ????????????#" !"!????????# ##+#+#######?# # | | ????????????#" "#######^ ^## #?# # | | ?????????? w ^ ## """" #?# # | | ?????????? < m u @g a ""S"" #?# # | | ?????????? o g ## "" "" #?# # | | ????????????# # ###g#+## #?# ### | | ????????????#####???# # Y # ! #?# #?? | | ????????????????????# ?# # #?# #?? | | ????????????????????# ??# # #?# #?? | | ????????????????????#???# " " ###########?# #?? | | ????????????????????????# "R" #???????????# ### | | ????????????????????????# """ #???????????# ## | | ????????????????????????########??????????## ## | | ??????????????????????????????????????????# # | | ??????????????????????????????????????????# = # | | ??????????????????????????????????????????# ! = + | | ??????????????????????????????????????????# ! # | | ??????????????????????????????????????????# # | | ??????????????????????????????????????????####### | | ????????????????????????????????????????????????## | | ?????????????????????????????????????????????????? | | ?????????????????????????????????????????????????? | | ?????????????????????????????????????????????????? | | ?????????????????????????????????????????????????? | | ?????????????????????????????????????????????????? | | ?????????????????????????????????????????????????? | | ?????????????????????????????????????????????????? | | ?????????????????????????????????????????????????? | +----------------------------------------------------+ Best States ------------- Heat Dissipation 28 Energy Generation 12 Energy Capacity 265 Matter Stores 300 Matter Capacity 300 Sight Range 18 Terrain Scan Density 10 Evasion (%) 55 Offensive Hacking 20 Item Schematics ----------------- None Robot Schematics ------------------ None Fabricated ------------ Nothing Repaired ---------- Nothing Studied --------- Ion Engine | -9/Materials | Hacked Alien Tech Used ----------------- None Achievements -------------- Item+ Use The Force Challenges ------------ None Game ------ Seed CombatTrapWell Manual? 0 Play Time 00:09:50 Cumulative 5.5 hours Start 2026.02.04 @ 16:25:30 End 2026.02.04 @ 16:34:04 Sessions 1 Manual Loads 0 Difficulty Rogue Special Mode None Game No. 12 Rogue 12 Adventurer 0 Explorer 0 Win Type - Total 0 Types 0/0/0/0/0/0/0/0/0/0 Lore% 6 Gallery% 9 Achievement% 9 Wizard Run 0 Options --------- Layout 1 ASCII 0 Keyboard 0 Movement Mouse Keybinds 0 Fullscreen 1 Font 24/Smallcaps Map View 50x35 Zoom Use 0% Tactical HUD 1 Map Filters NONE Filters NONE Steam 1 RUN: 826fd3b4-f9aa-4f7f-841e-20811f1def72